 Dungeon Crawl Stone Soup version 0.28.0-53-g5a82cb258f (webtiles) character file.

Game seed: 1132778667951657433

388 Ashen the Chiller (level 6, -1/61 HPs)
             Began as an Ogre Ice Elementalist on June 20, 2022.
             Was an Initiate of Vehumet.
             Slain by a centaur (2 damage)
             ... on level 5 of the Dungeon.
             The game lasted 00:07:25 (4786 turns).

Ashen the Chiller (Ogre Ice Elementalist)           Turns: 4786, Time: 00:07:26

Health: -1/61      AC:  3    Str: 13    XL:     6   Next: 79%
Magic:  21/21      EV: 14    Int: 20    God:    Vehumet [......]
Gold:   71         SH:  0    Dex: 13    Spells: 6/13 levels left

rFire   . . .      SeeInvis .   e - +1 short sword (venom)
rCold   . . .      Faith    .   (no shield)
rNeg    . . .      Spirit   .   a - +0 robe
rPois   .          Reflect  .   (helmet restricted)
rElec   .          Harm     .   (no cloak)
rCorr   .          Rampage  .   (gloves unavailable)
Will    .....                   (boots unavailable)
Stlth   ++........              (no amulet)
HPRegen 0.20/turn               n - ring of magical power
MPRegen 0.17/turn               f - ring "Xuyngepn" {EV+4 Int+2 Dex+4}

@: no status effects
A: large, unfitting armour, tough skin 1
a: Renounce Religion


You were on level 5 of the Dungeon.
You worshipped Vehumet.
Vehumet was noncommittal.
You visited 2 branches of the dungeon, and saw 6 of its levels.
You also visited: Sewer.

You collected 71 gold pieces.

Inventory:

Hand Weapons
 e - a +1 short sword of venom (weapon)
Armour
 a - a +0 robe (worn)
Jewellery
 f - the ring "Xuyngepn" (right hand) {EV+4 Int+2 Dex+4}
   (You found it on level 3 of the Dungeon)

   [ring of evasion]

   EV:        It affects your evasion (+4).
   Int:       It affects your intelligence (+2).
   Dex:       It affects your dexterity (+4).
 h - a ring of willpower
 n - a ring of magical power (left hand)
 q - a +4 ring of protection
Scrolls
 b - 3 scrolls of amnesia {unknown}
 d - 2 scrolls of identify {unknown}
 i - 3 scrolls of blinking
 j - 3 scrolls of noise {unknown}
 m - a scroll of fear {unknown}
 p - a scroll of teleportation {unknown}
Potions
 c - a potion of flight {unknown}
 g - a potion of heal wounds {unknown}
 k - a potion of might {unknown}
 l - a potion of haste {unknown}
 o - a potion of curing {unknown}


   Skills:
 + Level 3.6 Fighting
 + Level 3.2 Dodging
 + Level 2.7 Stealth
 + Level 4.0 Spellcasting
 + Level 4.5 Ice Magic


You had 6 spell levels left.
You knew the following spells:

 Your Spells              Type           Power      Damage    Failure   Level
a - Freeze                Ice            88%        1d10      1%          1
b - Frozen Ramparts       Ice            44%        1d6       6%          3
c - Ozocubu's Armour      Ice            22%        N/A       6%          3

Your spell library contained the following spells:

 Spells                   Type           Power      Damage    Failure   Level
 Hailstorm                Conj/Ice       13%        3d5       45%         4


Dungeon Overview and Level Annotations

Branches:
Dungeon (5/15)             Temple (1/1) D:4           Sewer (visited)

Altars:
Ashenzari
Cheibriados
Dithmenos
Elyvilon
Fedhas
Gozag
Hepliaklqana
Kikubaaqudgha
Makhleb
Nemelex Xobeh
Okawaru
Qazlal
Ru
Sif Muna
Trog
Uskayaw
Vehumet
Wu Jian
Xom
Yredelemnul
Zin
The Shining One


Innate Abilities, Weirdness & Mutations

You are too large for most types of armour.
You have tough skin. (AC +1)


Message History

You kill the white imp!
Vehumet accepts your kill.
You start resting.
An orc comes into view. It is wielding a +0 flail.
The orc shouts!
You hit the orc.
The orc is poisoned.
The orc is lightly wounded.
The orc hits you with a +0 mace.
* * * LOW HITPOINT WARNING * * *
You hit the orc.
You kill the orc!
Vehumet accepts your kill.
You hit the orc.
The orc is poisoned.
The orc is lightly wounded.
The orc barely misses you.
You hit the orc.
The orc looks as sick as possible!
The orc is heavily wounded.
You kill the orc!
Vehumet accepts your kill.
You start resting.
A centaur is nearby!
Things that are here:
a +0 flail; a +0 mace The centaur shouts!
The centaur unwields a +0 shortbow.
The centaur hits you. The centaur closely misses you.
You barely miss the centaur. The centaur hits you.
* * * LOW HITPOINT WARNING * * *
The centaur completely misses you. The centaur hits you.
* * * LOW HITPOINT WARNING * * *
The centaur kicks you.
* * * LOW HITPOINT WARNING * * *
You barely miss the centaur. The centaur barely misses you. x2
Unknown command.
You hit the centaur.
The centaur is poisoned.
The centaur is lightly wounded.
The centaur hits you.
* * * LOW HITPOINT WARNING * * *
The centaur kicks you.
You die...

######...
##....#...
########.........
##....#...........
##....)#....#...)..
#..................
##......@.........o
##......c.<...#
##...........#
#..........#....
.................
..................
.............#.....
...#.........##....
...........#..##
....


You could see a centaur (very poisoned).

Vanquished Creatures
  A bullfrog (Sewer)
  A scorpion (D:4)
  A hound (D:5)
  A jelly (D:4)
  An iguana (D:4)
  A hound skeleton (D:4)
  3 adders
  A white imp (D:5)
  2 ufetubi (D:4)
  An adder skeleton (D:4)
  2 worms
  3 dart slugs
  5 orcs
  11 ball pythons
  6 bats
  4 endoplasms
  10 giant cockroaches
  7 goblins
  8 hobgoblins
  6 jackals (D:1)
  5 kobolds
  8 quokkas
  10 frilled lizards
  13 rats
111 creatures vanquished.

Notes
Turn   | Place    | Note
-------+----------+-------------------------------------------
     0 | D:1      | Ashen the Ogre Ice Elementalist began the quest for the
                  | Orb.
     0 | D:1      | Reached XP level 1. HP: 16/16 MP: 3/3
    90 | D:1      | Reached XP level 2. HP: 22/26 MP: 0/5
   186 | D:1      | Reached skill level 1 in Fighting
   563 | D:1      | Reached XP level 3. HP: 33/33 MP: 2/7
   658 | D:1      | Learned a level 3 spell: Frozen Ramparts
   662 | D:1      | Learned a level 3 spell: Ozocubu's Armour
   777 | D:1      | Found a faded altar of an unknown god.
  1508 | D:2      | Identified the +1 pair of boots of Dishonour {Contam rPois
                  | rC- Dex+6}
  1528 | D:2      | Reached XP level 4. HP: 42/42 MP: 4/8
  2118 | D:3      | Found a glowing drain.
  2128 | D:3      | Identified the ring "Xuyngepn" {EV+4 Int+2 Dex+4}
  2147 | Sewer    | Entered a sewer
  2512 | Sewer    | Reached XP level 5. HP: 50/50 MP: 9/9
  3353 | D:4      | Reached XP level 6. HP: 50/61 MP: 11/11
  3422 | D:4      | Found a broken altar of Ashenzari.
  3559 | D:4      | Found a staircase to the Ecumenical Temple.
  3605 | Temple   | Entered the Ecumenical Temple
  3889 | Temple   | Became a worshipper of Vehumet
  4621 | D:5      | Entered Level 5 of the Dungeon
  4786 | D:5      | HP: 1/61 [centaur (4)]
  4786 | D:5      | Slain by a centaur

Illustrated notes

Levels and vault maps discovered:
D:1:      nzn_arrival_water_spiral, layout_loops_ring,
          ebering_ecumenical_altar_abandoned
D:2:      layout_loops_ring
D:3:      layout_rooms, portal_sewer_entry_c
D:4:      layout_basic, lemuel_crystal_altar, minmay_temple_entry_large_hall
D:5:      layout_cave_pools
Temple:   mainiacjoe_temple_circle_huts

Skill      XL: |  1  2  3  4  5  6 |
---------------+-------------------+-----
Dodging        | 2 3 |  3.2
Fighting       | 1 2 3 |  3.6
Spellcasting   | 3 4 |  4.0
Stealth        | 2 |  2.7
Ice Magic      | 4 |  4.5

Action                   |  1- 3 |  4- 6 || total
-------------------------+-------+-------++-------
Melee: Unarmed           |    63 |       ||    63
       Short sword       |       |   156 ||   156
       Punch             |       |     1 ||     1
 Cast: Freeze            |    63 |    26 ||    89
       Frozen Ramparts   |       |     3 ||     3
 Stab: Sleeping          |       |     4 ||     4
Armor: Robe              |    40 |    42 ||    82
Dodge: Dodged            |    64 |   120 ||   184
